MLB
MILWAUKEE BREWERS @ TEXAS RANGERS
09/06/2098
 
TOP OF THE 1ST
Milwaukee Brewers batting - Pitching for Texas Rangers : RHP Bernie Gallegos
Pitching: RHP Bernie Gallegos
Batting: RHB Byron Weaver 0-0: Called Strike
0-1: Foul Ball, location: 5FF
0-2: Strikes out looking
Batting: RHB Joe Hardie 0-0: Ball
1-0: Ball
2-0: Foul Ball, location: 7LMF
2-1: Called Strike
2-2: SINGLE (Groundball, 6S, EV 66.3 MPH) (infield hit)
Batting: LHB Alex Cruz 0-0: Ball
1-0: Swinging Strike
1-1: Foul Ball, location: 23FF
1-2: Foul Ball, location: 7LSF
1-2: DOUBLE (Flyball, 8RXD, EV 107.5 MPH)
Joe Hardie to third
Batting: RHB Johnny Curet 0-0: Called Strike
0-1: Ball
1-1: Ball
2-1: Fly out, F8 (Flyball, 8RM, EV 93.1 MPH)
Throwing error, E8
Joe Hardie scores
Alex Cruz to third
Batting: SHB Mikizo Kubo 0-0: Ball
1-0: Swinging Strike
1-1: Foul Ball, location: 7LMF
1-2: Strikes out swinging
Top of the 1st over - 1 run, 2 hits, 1 error, 1 left on base; Milwaukee 1 - Texas 0
BOTTOM OF THE 1ST
Texas Rangers batting - Pitching for Milwaukee Brewers : RHP Assunção Frutuoso
Pitching: RHP Assunção Frutuoso
Batting: SHB Luis Chavez 0-0: Called Strike
0-1: Ball
1-1: Ground out 6-3 (Groundball, 6, EV 79.4 MPH)
Batting: RHB Chris Patrick 0-0: Ball
1-0: Foul Ball, location: 2F
1-1: Called Strike
1-2: Ground out 3-1 (Groundball, 34, EV 106.3 MPH)
Batting: LHB Simeone DeVito 0-0: Ball
1-0: Called Strike
1-1: Called Strike
1-2: Foul Ball, location: 2F
1-2: Fly out, F7 (Flyball, 7LD, EV 95.0 MPH)
Bottom of the 1st over - 0 runs, 0 hits, 0 errors, 0 left on base; Milwaukee 1 - Texas 0
TOP OF THE 2ND
Milwaukee Brewers batting - Pitching for Texas Rangers : RHP Bernie Gallegos
Batting: SHB Roberto Lima 0-0: Foul Ball, location: 7LDF
0-1: Foul Ball, location: 3F
0-2: SINGLE (Line Drive, 4MD, EV 105.0 MPH)
Batting: SHB Jamie Saxton 0-0: Ball
1-0: Ball
2-0: Ball
3-0: Base on Balls
Roberto Lima to second
Batting: RHB Josh Merklin 0-0: Ball
1-0: Sac Bunt to 15 - play at first, batter OUT! 1-4
Roberto Lima to third
Jamie Saxton to second
Batting: RHB Joey Ballard 0-0: Fly out, F2 (Popup, 2R, EV 93.1 MPH)
Batting: RHB Byron Weaver 0-0: Called Strike
0-1: Fly out, F6 (Line Drive, 6, EV 73.8 MPH)
Top of the 2nd over - 0 runs, 1 hit, 0 errors, 2 left on base; Milwaukee 1 - Texas 0
BOTTOM OF THE 2ND
Texas Rangers batting - Pitching for Milwaukee Brewers : RHP Assunção Frutuoso
Batting: RHB Kevin Hock 0-0: Ball
1-0: Ground out 3-1 (Groundball, 13, EV 92.5 MPH)
Batting: LHB Nick Gunnels 0-0: Ball
1-0: Fly out, F7 (Line Drive, 7D, EV 88.1 MPH)
Batting: RHB Jason Hartel 0-0: Called Strike
0-1: Ball
1-1: Ball
2-1: Ball
3-1: Ground out 5-3 (Groundball, 56, EV 86.3 MPH)
Bottom of the 2nd over - 0 runs, 0 hits, 0 errors, 0 left on base; Milwaukee 1 - Texas 0
TOP OF THE 3RD
Milwaukee Brewers batting - Pitching for Texas Rangers : RHP Bernie Gallegos
Batting: RHB Joe Hardie 0-0: Foul Ball, location: 2F
0-1: Foul Ball, location: 2F
0-2: Ball
1-2: Strikes out swinging
Batting: LHB Alex Cruz 0-0: Ball
1-0: Foul Ball, location: 23F
1-1: Called Strike
1-2: Ball
2-2: Ball
3-2: Fly out, F8 (Flyball, 8LS, EV 94.4 MPH)
Batting: RHB Johnny Curet 0-0: Ball
1-0: Ball
2-0: Foul Ball, location: 23FF
2-1: Swinging Strike
2-2: Foul Ball, location: 2F
2-2: Ball
3-2: Base on Balls
Batting: SHB Mikizo Kubo 0-0: Foul Ball, location: 2F
0-1: Called Strike
Johnny Curet is caught stealing 2nd base 2-6
Top of the 3rd over - 0 runs, 0 hits, 0 errors, 0 left on base; Milwaukee 1 - Texas 0
BOTTOM OF THE 3RD
Texas Rangers batting - Pitching for Milwaukee Brewers : RHP Assunção Frutuoso
Batting: LHB Charlie Gagne 0-0: Fly out, F8 (Line Drive, 8RM, EV 95.0 MPH)
Batting: LHB Scott Spencer 0-0: Ball
1-0: Fly out, F8 (Flyball, 8LD, EV 103.8 MPH)
Batting: RHB Raul Camacho 0-0: Ball
1-0: Ground out 1-3 (Groundball, 23, EV 68.1 MPH)
Bottom of the 3rd over - 0 runs, 0 hits, 0 errors, 0 left on base; Milwaukee 1 - Texas 0
TOP OF THE 4TH
Milwaukee Brewers batting - Pitching for Texas Rangers : RHP Bernie Gallegos
Batting: SHB Mikizo Kubo 0-0: Ball
1-0: Foul Ball, location: 7LDF
1-1: Foul Ball, location: 3FF
1-2: Foul Ball, location: 23F
1-2: Ball
2-2: Strikes out swinging
Batting: SHB Roberto Lima 0-0: Swinging Strike
0-1: Called Strike
0-2: Foul Ball, location: 7LDF
0-2: Foul Ball, location: 7LSF
0-2: Ball
1-2: Ball
2-2: Fly out, F9 (Flyball, 9LS, EV 95.6 MPH)
Batting: SHB Jamie Saxton 0-0: Called Strike
0-1: Hit by Pitch
Batting: RHB Josh Merklin 0-0: Fly out, F8 (Flyball, 89D, EV 90.6 MPH)
Top of the 4th over - 0 runs, 0 hits, 0 errors, 1 left on base; Milwaukee 1 - Texas 0
BOTTOM OF THE 4TH
Texas Rangers batting - Pitching for Milwaukee Brewers : RHP Assunção Frutuoso
Batting: SHB Luis Chavez 0-0: Ball
1-0: Foul Ball, location: 7LMF
1-1: Ground out U3 (Groundball, 3, EV 80.0 MPH)
Batting: RHB Chris Patrick 0-0: Ball
1-0: Called Strike
1-1: DOUBLE (Flyball, 89D, EV 111.3 MPH)
Batting: LHB Simeone DeVito 0-0: Ball
1-0: Foul Ball, location: 7LSF
1-1: Swinging Strike
1-2: SINGLE (Line Drive, 6MD, EV 94.4 MPH)
Chris Patrick to third
Runner from 3rd tries for Home, SAFE, throw by CF to home
Batting: RHB Kevin Hock 0-0: Ball
1-0: Ball
2-0: Fly out, F7 (Flyball, 78M, EV 93.8 MPH)
Batting: LHB Nick Gunnels 0-0: Ball
Wild Pitch!
Simeone DeVito to second
1-0: Ball
2-0: Fly out, F8 (Flyball, 8LD, EV 101.9 MPH)
Bottom of the 4th over - 1 run, 2 hits, 0 errors, 1 left on base; Milwaukee 1 - Texas 1
TOP OF THE 5TH
Milwaukee Brewers batting - Pitching for Texas Rangers : RHP Bernie Gallegos
Batting: RHB Joey Ballard 0-0: Called Strike
0-1: Ball
1-1: Ball
2-1: Ball
3-1: Base on Balls
Batting: RHB Byron Weaver 0-0: Swinging Strike
0-1: Foul Ball, location: 2F
0-2: Strikes out swinging
Batting: RHB Joe Hardie 0-0: 2-RUN HOME RUN (Flyball, 78XD, EV 100.0 MPH), Distance : 408 ft
Batting: LHB Alex Cruz 0-0: SINGLE (Groundball, 4MS, EV 72.5 MPH) (infield hit)
Batting: RHB Johnny Curet 0-0: Reached on error, E5 (Groundball, 56, EV 85.6 MPH)
Alex Cruz to second
Batting: SHB Mikizo Kubo 0-0: Ball
1-0: Called Strike
1-1: Ball
2-1: Foul Ball, location: 25FF
2-2: Foul Ball, location: 23F
2-2: Grounds into double play, 4-6-3 (Groundball, 4, EV 91.9 MPH)
Top of the 5th over - 2 runs, 2 hits, 1 error, 1 left on base; Milwaukee 3 - Texas 1
BOTTOM OF THE 5TH
Texas Rangers batting - Pitching for Milwaukee Brewers : RHP Assunção Frutuoso
Batting: RHB Jason Hartel 0-0: Ball
1-0: Called Strike
1-1: Fly out, F8 (Flyball, 89D, EV 83.1 MPH)
Batting: LHB Charlie Gagne 0-0: Ball
1-0: Called Strike
1-1: Foul Ball, location: 5FF
1-2: DOUBLE (Line Drive, 5D, EV 96.9 MPH)
Batting: LHB Scott Spencer 0-0: Ball
1-0: Foul Ball, location: 5FF
1-1: Ball
2-1: Foul Ball, location: 23FF
2-2: Foul Ball, location: 2F
2-2: Foul Ball, location: 9LMFF
2-2: Foul Ball, location: 2F
2-2: Ground out U3 (Groundball, 34, EV 83.8 MPH)
Charlie Gagne to third
Batting: RHB Raul Camacho 0-0: Ball
1-0: Ball
2-0: Ball
3-0: Called Strike
3-1: Foul Ball, location: 23FF
3-2: Fly out, F3 (Line Drive, 3L, EV 72.5 MPH)
Bottom of the 5th over - 0 runs, 1 hit, 0 errors, 1 left on base; Milwaukee 3 - Texas 1
TOP OF THE 6TH
Milwaukee Brewers batting - Pitching for Texas Rangers : RHP Bernie Gallegos
Pitching: RHP Kelyn Norlander
Batting: SHB Roberto Lima 0-0: Ball
1-0: Ball
2-0: Called Strike
2-1: Foul Ball, location: 25F
2-2: Foul Ball, location: 2F
2-2: Fly out, F6 (Popup, 6, EV 54.4 MPH)
Batting: SHB Jamie Saxton 0-0: Ball
1-0: Called Strike
1-1: Called Strike
1-2: Foul Ball, location: 2F
1-2: Foul Ball, location: 2F
1-2: Foul Ball, location: 2F
1-2: Strikes out swinging
Batting: RHB Josh Merklin 0-0: Called Strike
0-1: Ball
1-1: Fly out, F8 (Flyball, 8RM, EV 86.9 MPH)
Top of the 6th over - 0 runs, 0 hits, 0 errors, 0 left on base; Milwaukee 3 - Texas 1
BOTTOM OF THE 6TH
Texas Rangers batting - Pitching for Milwaukee Brewers : RHP Assunção Frutuoso
Batting: SHB Luis Chavez 0-0: Ground out 4-3 (Groundball, 4, EV 83.8 MPH)
Batting: RHB Chris Patrick 0-0: Ball
1-0: Called Strike
1-1: Ground out 6-3 (Groundball, 6, EV 80.0 MPH)
Batting: LHB Simeone DeVito 0-0: Ball
1-0: Called Strike
1-1: Called Strike
1-2: Ball
2-2: Ball
3-2: Foul Ball, location: 23FF
3-2: Base on Balls
Batting: RHB Kevin Hock 0-0: Called Strike
0-1: Ball
1-1: Ball
2-1: Foul Ball, location: 2F
2-2: Fly out, F7 (Flyball, 7LS, EV 96.9 MPH)
Bottom of the 6th over - 0 runs, 0 hits, 0 errors, 1 left on base; Milwaukee 3 - Texas 1
TOP OF THE 7TH
Milwaukee Brewers batting - Pitching for Texas Rangers : RHP Kelyn Norlander
Pitching: RHP Victor Luna
Batting: RHB Joey Ballard 0-0: Ball
1-0: Ball
2-0: Ball
3-0: Swinging Strike
3-1: Called Strike
3-2: Strikes out swinging
Batting: RHB Byron Weaver 0-0: Ball
1-0: Swinging Strike
1-1: Foul Ball, location: 23F
1-2: Ball
2-2: Ball
3-2: Fly out, F8 (Flyball, 8LM, EV 96.9 MPH)
Batting: RHB Joe Hardie 0-0: Foul Ball, location: 2F
0-1: Ball
1-1: Foul Ball, location: 9LSF
1-2: Ball
2-2: Ball
3-2: Foul Ball, location: 2F
3-2: Base on Balls
Batting: LHB Alex Cruz 0-0: Called Strike
0-1: Called Strike
0-2: Strikes out swinging
Top of the 7th over - 0 runs, 0 hits, 0 errors, 1 left on base; Milwaukee 3 - Texas 1
BOTTOM OF THE 7TH
Texas Rangers batting - Pitching for Milwaukee Brewers : RHP Assunção Frutuoso
Batting: LHB Nick Gunnels 0-0: Called Strike
0-1: SOLO HOME RUN (Flyball, 9D, EV 95.0 MPH), Distance : 365 ft
Batting: RHB Jason Hartel 0-0: Foul Ball, location: 2F
0-1: Called Strike
0-2: Foul Ball, location: 3DF
0-2: Ball
1-2: Ball
2-2: Ball
3-2: Ground out 6-3 (Groundball, 6, EV 110.0 MPH)
Batting: LHB Charlie Gagne 0-0: Ball
1-0: DOUBLE (Line Drive, 7LS, EV 98.1 MPH)
Batting: LHB Scott Spencer 0-0: Ball
1-0: Ball
2-0: Foul Ball, location: 23FF
2-1: Ball
3-1: Base on Balls
Pinch Runner at 2nd Ryan Adkins:
Batting: RHB Raul Camacho 0-0: Ball
1-0: Ball
Wild Pitch!
Ryan Adkins to third
Scott Spencer to second
2-0: Called Strike
2-1: Fielders Choice at home, 5-2 (Groundball, 56, EV 103.1 MPH)
Scott Spencer to third
Batting: SHB Luis Chavez 0-0: Swinging Strike
0-1: Called Strike
0-2: Ball
1-2: Ball
2-2: Ball
3-2: Base on Balls
Raul Camacho to second
Pitching: LHP Tim Cockfield
Batting: RHB Chris Patrick 0-0: Called Strike
0-1: Swinging Strike
0-2: Foul Ball, location: 3FF
0-2: Ball
1-2: Ball
2-2: Strikes out swinging
Bottom of the 7th over - 1 run, 2 hits, 0 errors, 3 left on base; Milwaukee 3 - Texas 2
TOP OF THE 8TH
Milwaukee Brewers batting - Pitching for Texas Rangers : RHP Victor Luna
Batting: RHB Johnny Curet 0-0: SINGLE (Groundball, 56D, EV 95.0 MPH)
Batting: SHB Mikizo Kubo 0-0: Ball
1-0: Called Strike
1-1: Ball
2-1: Ball
3-1: Called Strike
3-2: Foul Ball, location: 7LMF
3-2: Strikes out swinging
Pitching: RHP Antonio Jimenez
Batting: SHB Roberto Lima 0-0: Ball
1-0: Swinging Strike
1-1: Ball
2-1: Fly out, F7 (Line Drive, 7D, EV 92.5 MPH)
Batting: SHB Jamie Saxton 0-0: Ball
1-0: Fly out, F5 (Popup, 5DF, EV 72.5 MPH)
Top of the 8th over - 0 runs, 1 hit, 0 errors, 1 left on base; Milwaukee 3 - Texas 2
BOTTOM OF THE 8TH
Texas Rangers batting - Pitching for Milwaukee Brewers : LHP Tim Cockfield
Now at 1B: Ivan Cano
Pinch Hitting: RHB Brian Ruble 0-0: Ball
1-0: Fly out, F7 (Flyball, 7, EV 81.3 MPH)
Batting: RHB Kevin Hock 0-0: Ball
1-0: Ball
2-0: Called Strike
2-1: Ground out 6-3 (Groundball, 56S, EV 75.6 MPH)
Batting: LHB Nick Gunnels 0-0: Ball
1-0: Ball
2-0: Ball
3-0: Base on Balls
Batting: RHB Jason Hartel 0-0: Ball
1-0: Foul Ball, location: 2F
1-1: Ball
2-1: Called Strike
2-2: Fly out, F7 (Flyball, 78M, EV 95.6 MPH)
Bottom of the 8th over - 0 runs, 0 hits, 0 errors, 1 left on base; Milwaukee 3 - Texas 2
TOP OF THE 9TH
Milwaukee Brewers batting - Pitching for Texas Rangers : RHP Antonio Jimenez
Now at 1B: Brian Ruble
Batting: RHB Josh Merklin 0-0: Ball
1-0: Called Strike
1-1: Called Strike
1-2: Ball
2-2: Ball
3-2: Ground out 5-3 (Groundball, 56, EV 101.9 MPH)
Pinch Hitting: SHB Juan Velasquez 0-0: Ball
1-0: Ball
2-0: Called Strike
2-1: Ball
3-1: Base on Balls
Batting: RHB Byron Weaver 0-0: Ball
Juan Velasquez is caught stealing 2nd base 2-4
1-0: Ball
2-0: DOUBLE (Line Drive, 5D, EV 95.0 MPH)
Batting: RHB Joe Hardie 0-0: Called Strike
0-1: Foul Ball, location: 25FF
0-2: Ball
1-2: Ball
2-2: Strikes out swinging
Top of the 9th over - 0 runs, 1 hit, 0 errors, 1 left on base; Milwaukee 3 - Texas 2
BOTTOM OF THE 9TH
Texas Rangers batting - Pitching for Milwaukee Brewers : LHP Tim Cockfield
Pitching: RHP Chris Hellige
Now at C: Josh Harder
Batting: RHB Ryan Adkins 0-0: Fly out, F5 (Popup, P, EV 78.8 MPH)
Batting: LHB Scott Spencer 0-0: Called Strike
0-1: Swinging Strike
0-2: Fly out, F8 (Line Drive, 8RM, EV 86.9 MPH)
Pinch Hitting: LHB Tyler Petry 0-0: Ball
1-0: Called Strike
1-1: Ball
2-1: Swinging Strike
2-2: Foul Ball, location: 5F
2-2: Fly out, F9 (Flyball, 9LD, EV 104.4 MPH)
Bottom of the 9th over - 0 runs, 0 hits, 0 errors, 0 left on base; Milwaukee 3 - Texas 2
Sunday, April 14th , 2024 - OOTP Baseball 24.11 Build 85